Map: Acid Plant LE

Players

Bunny - Winner!

  • Race: Terran Terran
  • League: Diamond
  • Spawn Location: 5:00

Serral

  • Race: Zerg Zerg
  • League: Master
  • Spawn Location: 11:00

Event: HomeStory Cup XVIII

VOD

Have the link to the VOD?

Description

Time

  • Played on: Nov. 23, 2018, 9:28 a.m.
  • Length: 20:18

All games in this series

Show
View Real Time Build Order
Export as new Build Order

Bunny Terran - Winner!

Build Orders: Liberator Opening, Reaper Expand 

Get SALT Encoding   

  12  0:00  SCV  
  13  0:13  SCV  
  14  0:17  Supply Depot  
  14  0:25  SCV  
  15  0:38  SCV  
  15  0:39  Barracks  
  16  0:43  Refinery  
  16  0:50  SCV  
  17  1:02  SCV  
  18  1:15  SCV  
  19  1:26  Reaper  
  19  1:27  Orbital Command  
  20  1:39  Command Center  
  20  1:50  Supply Depot  
  20  1:52  SCV  
  21  1:58  Marine  
  22  2:04  SCV  
  22  2:06  Factory  
  23  2:10  Refinery  
  23  2:16  SCV  
  23  2:21  Barracks Reactor  
  24  2:28  SCV  
  25  2:40  SCV  
  26  2:51  Orbital Command  
  26  2:53  SCV  
  26  2:54  Starport  
  27  3:03  Hellion x2  
  27  3:05  SCV  
  32  3:06  Barracks Tech Lab  
  32  3:16  SCV  
  32  3:17  SCV  
  34  3:20  Liberator  
  34  3:22  Supply Depot  
  34  3:24  Hellion x2  
  38  3:28  SCV  
  38  3:29  SCV  
  40  3:38  Marine  
  40  3:40  SCV  
  46  3:41  SCV  
  46  3:45  Hellion  
  46  3:46  Hellion  
  50  3:52  Supply Depot, SCV  
  50  3:53  SCV  
  52  4:05  SCV x2  
  52  4:08  Command Center  
  55  4:17  SCV x2  
  55  4:23  Stimpack  
  56  4:26  Marine  
  56  4:29  SCV x2  
  59  4:31  Factory Reactor  
  59  4:41  SCV x2  
  59  4:42  Starport Reactor  
  59  4:43  Engineering Bay x2, Barracks x2  
  62  5:07  Refinery x2  
  62  5:09  SCV  
  62  5:10  Supply Depot  
  62  5:11  Supply Depot, Terran Infantry Weapons Level 1, Terran Infantry Armor Level 1  
  62  5:16  Factory Tech Lab  
  62  5:18  Supply Depot  
  62  5:19  Marine  
  62  5:20  SCV  
  64  5:23  Medivac x2  
  64  5:27  SCV  
  69  5:30  Marine  
  69  5:31  Marine  
  69  5:32  SCV  
  72  5:37  Marine  
  72  5:39  SCV  
  72  5:40  Siege Tank  
  72  5:41  Marine x2  
  79  5:44  SCV  
  79  5:48  Marine x2, Orbital Command  
  82  5:51  SCV  
  82  5:55  Marine  
  82  5:56  Barracks  
  84  5:57  SCV, Barracks  
  84  5:59  Marine  
  84  6:03  SCV  
  87  6:06  Armory, Marine x3  
  87  6:09  SCV  
  91  6:13  Marine  
  91  6:15  SCV  
  91  6:16  Marine, Siege Tank  
  91  6:17  SCV  
  98  6:24  Marine  
  95  6:26  Combat Shield  
  95  6:28  SCV x2  
  95  6:29  SCV  
  98  6:34  Supply Depot x2  
  98  6:39  Marine x3  
  101  6:40  Factory  
  101  6:49  Refinery  
  101  6:50  Supply Depot x2, Barracks Reactor  
  101  6:51  Barracks Reactor  
  101  6:55  Marine x2, SCV x3  
  101  6:56  Widow Mine  
  108  7:05  Marine  
  108  7:06  Marine x2  
  108  7:07  SCV x3  
  114  7:12  Medivac x2  
  114  7:13  Marine  
  114  7:14  Marine  
  117  7:17  Widow Mine  
  117  7:20  Terran Infantry Weapons Level 2, SCV x3  
  117  7:21  Terran Infantry Armor Level 2  
  122  7:23  Marine x3  
  124  7:30  Supply Depot  
  124  7:31  Marine, Factory Reactor  
  124  7:33  SCV x3  
  124  7:35  Marine  
  124  7:36  Marine x4  
  133  7:38  Drilling Claws  
  133  7:45  Supply Depot  
  133  7:46  Supply Depot  
  133  7:51  Marine x4  
  133  7:52  Widow Mine  
  133  7:55  Marine x4  
  141  8:01  Barracks x2  
  141  8:03  Barracks  
  141  8:07  Medivac x2  
  141  8:10  Marauder  
  141  8:12  Widow Mine x2  
  151  8:14  Supply Depot  
  151  8:17  Marine  
  151  8:18  Marine x4  
  152  8:28  Widow Mine  
  152  8:31  Terran Vehicle And Ship Armor Level 1, Marine  
  152  8:32  Marine x2  
  157  8:35  Marine x2  
  157  8:36  Widow Mine x2  
  162  8:42  Supply Depot, Medivac  
  162  8:46  Marine  
  165  8:49  Supply Depot  
  165  8:50  Widow Mine, Marine x2, Medivac  
  165  8:54  Marauder  
  173  9:00  Barracks Tech Lab x2, Barracks Reactor  
  173  9:01  Marine  
  173  9:03  Marine x2  
  173  9:07  Widow Mine x2, Marine  
  173  9:08  Marine x2  
  181  9:10  Marine x2  
  181  9:12  Supply Depot  
  181  9:14  Supply Depot  
  181  9:15  Marauder  
  173  9:19  Marine  
  173  9:20  Widow Mine  
  173  9:21  Marine, Medivac x2  
  179  9:28  Marine x6  
  179  9:29  Widow Mine x2  
  187  9:36  Marine x3, Marauder x2  
  194  9:41  Hellion  
  192  9:48  Concussive Shells  
  192  9:55  Marauder  
  192  9:58  Marauder x2, Marine x2  
  189  10:00  Widow Mine x2  
  189  10:03  Marine x7  
  164  10:15  Marine  
  164  10:16  Marine x2, Marauder, Medivac x2  
  164  10:17  Widow Mine  
  164  10:19  Marine  
  164  10:21  Marine x3  
  156  10:22  Widow Mine  
  144  10:28  Marine x4  
  144  10:33  Marine, Unknown x2  
  144  10:34  Widow Mine  
  151  10:39  Widow Mine  
  151  10:40  Command Center  
  157  10:52  Marine x8  
  159  10:57  Terran Infantry Weapons Level 3  
  159  10:59  Terran Infantry Armor Level 3  
  155  11:04  Marine  
  155  11:07  Marine  
  155  11:08  Marine  
  155  11:09  Widow Mine x2  
  155  11:10  Widow Mine, Medivac x2  
  163  11:14  Marauder  
  163  11:15  Marine x2  
  163  11:17  Marine  
  167  11:30  Marauder x2  
  171  11:32  Marine  
  171  11:33  Marine x8  
  171  11:38  Marine x2  
  178  11:47  Widow Mine x2  
  178  11:50  Marine  
  178  11:51  Marine x2  
  177  11:56  Marauder x2  
  177  11:57  Marine x2  
  177  11:59  Widow Mine  
  173  12:03  Marauder, Marine  
  173  12:08  Planetary Fortress  
  176  12:09  Widow Mine  
  151  12:16  Marine x4  
  151  12:17  Marauder  
  151  12:20  Widow Mine x2  
  159  12:23  Marine  
  159  12:26  Marauder x2  
  159  12:27  Marine x4  
  168  12:30  Widow Mine  
  168  12:33  Marine  
  168  12:34  Marine  
  168  12:36  Medivac  
  174  12:40  Marine x4  
  174  12:41  Marine  
  174  12:42  Widow Mine  
  181  12:50  Sensor Tower  
  181  12:55  Widow Mine x2  
  185  13:02  Marauder  
  185  13:03  Widow Mine, Marauder, Marine x4  
  185  13:04  Unknown  
  195  13:11  Marine x5, Orbital Command  
  198  13:16  Widow Mine  
  184  13:27  Medivac x2  
  184  13:29  Marine x5  
  184  13:31  Marine x8  
  195  13:38  Widow Mine x3  
  199  13:47  Marine  
  199  13:48  Sensor Tower  
  193  13:57  Marauder x2  
  185  14:10  Supply Depot  
  185  14:11  Supply Depot x2  
  185  14:16  Liberator x2  
  185  14:24  Supply Depot  
  185  14:25  Starport  
  185  14:26  Starport  
  185  14:27  Fusion Core  
  185  14:30  Terran Ship Weapons Level 1  
  179  14:32  Marine x11  
  179  14:33  Marine x2  
  178  14:41  Widow Mine  
  178  14:42  Widow Mine  
  178  14:44  Widow Mine  
  165  14:50  Marine x9  
  165  14:51  Marauder  
  153  14:53  Marine, Marauder x2  
  145  15:07  Marine x3  
  145  15:08  Widow Mine, Marine x5  
  145  15:09  Widow Mine x2  
  145  15:12  Marauder  
  145  15:14  Marine x2, Marauder x2  
  162  15:16  Medivac x2  
  162  15:17  Starport Tech Lab  
  162  15:18  Starport Reactor  
  169  15:24  Unknown x4  
  169  15:25  Marine x3  
  169  15:27  Marine  
  169  15:28  Marine x4  
  177  15:31  Marine  
  177  15:33  Marauder  
  180  15:36  Marauder  
  180  15:38  Marauder  
  180  15:42  Marine  
  183  15:43  Marine x3  
  183  15:45  Marine x5  
  183  15:49  Marine  
  192  15:52  Widow Mine x3, Liberator  
  192  15:55  Marauder  
  200  16:01  Marauder x2, Marine  
  200  16:02  Marine x3  
  200  16:03  Marine x2, Advanced Ballistics  
  198  16:14  Refinery  
  198  16:17  Refinery  
  198  16:18  Refinery  
  198  16:30  Command Center  
  197  16:33  Medivac x2  
  197  16:36  Liberator  
  197  16:38  Medivac  
  161  16:40  Marauder x3  
  161  16:44  Marine x9  
  153  16:48  Marine  
  146  16:55  Medivac  
  146  17:00  Widow Mine  
  152  17:01  Marauder x2  
  152  17:02  Widow Mine x2  
  152  17:03  Medivac  
  160  17:10  Liberator  
  160  17:15  Liberator  
  160  17:21  Widow Mine, Marauder, Marine  
  160  17:22  Marine x9  
  178  17:23  Marauder x2  
  178  17:27  Medivac x2  
  188  17:39  Marine x2  
  188  17:40  Marine  
  188  17:42  Marine x6  
  188  17:43  Marauder  
  198  17:44  Marauder  
  198  17:53  Marine x2  
  198  18:06  Marine x3  
  198  18:09  Liberator  
  198  18:10  Liberator x2  
  176  18:15  Marauder x3  
  176  18:17  Marine  
  176  18:19  Marine  
  174  18:20  Marine x5  
  171  18:29  Planetary Fortress  
  171  18:32  Refinery  
  171  18:33  SCV x3  
  180  18:35  Liberator  
  180  18:36  Liberator  
  180  18:41  Marauder x2, Marine  
  177  18:42  Marine x10  
  180  18:52  Liberator  
  180  18:55  Sensor Tower  
  180  18:59  Marine, Liberator  
  180  19:00  Marauder  
  180  19:02  Missile Turret, Marauder  
  185  19:04  Marine x5  
  196  19:21  Marauder  
  196  19:22  Marauder  
  184  19:29  Marine x8  
  184  19:30  Marine x2  
  166  19:41  Marauder  
  166  19:42  Marine  
  166  19:43  Marauder  
  169  19:58  Marine x6  
  169  19:59  Marine x2  
  153  20:00  Marine  
  162  20:14  Unknown  
  162  20:15  Unknown x4  
Show
View Real Time Build Order
Export as new Build Order

Serral Zerg 

Build Orders: Hatch First 

Get SALT Encoding   

  12  0:00  Drone  
  13  0:12  Overlord  
  13  0:17  Drone  
  14  0:30  Drone x2  
  16  0:48  Hatchery  
  15  0:51  Drone  
  15  0:54  Drone  
  17  0:58  Drone  
  18  1:09  Extractor  
  17  1:14  Spawning Pool  
  17  1:17  Drone  
  17  1:20  Drone  
  18  1:27  Drone  
  19  1:38  Drone  
  20  1:49  Drone  
  21  2:01  Queen x2  
  21  2:02  Zergling x4  
  27  2:15  Hatchery  
  27  2:19  Overlord  
  26  2:24  Drone  
  26  2:28  Drone  
  28  2:31  Metabolic Boost  
  27  2:37  Drone  
  27  2:41  Drone x2  
  30  2:46  Queen  
  32  2:54  Overlord  
  32  2:59  Drone x2  
  32  3:00  Drone  
  35  3:10  Overlord  
  35  3:14  Drone x2  
  35  3:16  Drone x3  
  40  3:21  Queen  
  42  3:27  Queen  
  42  3:28  Drone  
  42  3:30  Drone  
  42  3:34  Drone x2  
  48  3:38  Overlord  
  48  3:44  Zergling x4  
  50  3:49  Zergling x2  
  50  3:51  Drone x2  
  50  3:54  Overlord  
  50  3:55  Drone x2  
  55  3:58  Queen  
  55  4:01  Zergling x4  
  59  4:07  Zergling x2  
  59  4:08  Overlord  
  59  4:09  Drone  
  61  4:11  Zergling x2  
  61  4:13  Queen  
  64  4:18  Zergling x2  
  64  4:19  Drone  
  64  4:21  Drone  
  67  4:25  Zergling x2  
  67  4:30  Drone x6  
  67  4:31  Spore Crawler  
  72  4:38  Evolution Chamber  
  72  4:40  Evolution Chamber  
  72  4:41  Zergling x2  
  72  4:43  Drone x3  
  72  4:44  Drone  
  75  4:48  Overlord  
  75  4:49  Extractor  
  75  4:51  Drone x4  
  78  4:58  Drone  
  78  4:59  Drone x2  
  81  5:09  Zerg Melee Weapons Level 1, Zerg Ground Armor Level 1, Spore Crawler  
  81  5:12  Spore Crawler  
  79  5:15  Extractor  
  79  5:17  Lair  
  79  5:19  Drone, Zergling x4  
  79  5:20  Drone x3  
  79  5:21  Drone x2  
  85  5:24  Extractor x2  
  85  5:25  Overlord  
  84  5:30  Baneling Nest  
  84  5:31  Zergling x2  
  84  5:32  Zergling x6  
  87  5:40  Drone x3  
  90  5:43  Overlord  
  90  5:44  Overlord  
  90  5:48  Zergling x6  
  92  5:53  Roach Warren  
  92  5:54  Drone x4  
  95  5:58  Zergling x4  
  95  6:04  Overlord  
  97  6:11  Overlord  
  97  6:16  Centrifical Hooks  
  97  6:20  Hatchery  
  97  6:22  Drone x9  
  104  6:28  Zergling x8  
  104  6:35  Hatchery  
  104  6:36  Zergling x6  
  106  6:41  Baneling x9  
  106  6:42  Baneling  
  106  6:45  Zergling x2  
  106  6:46  Zergling x2  
  104  6:50  Zergling x2  
  104  6:51  Hydralisk Den  
  104  6:54  Zergling x2  
  104  6:55  Zergling x2  
  104  6:59  Zergling x10  
  111  7:02  Zergling x10  
  116  7:09  Zergling x6  
  117  7:19  Overlord  
  117  7:21  Zergling x4  
  119  7:23  Muscular Augments  
  118  7:33  Hydralisk x4  
  118  7:35  Overlord  
  126  7:39  Overlord  
  126  7:42  Overlord x2  
  126  7:43  Queen  
  128  7:45  Hydralisk x3  
  128  7:49  Pneumatized Carapace  
  128  7:51  Overlord x6  
  133  8:01  Zerg Melee Weapons Level 2, Zerg Ground Armor Level 2  
  133  8:02  Hydralisk  
  134  8:13  Extractor  
  134  8:14  Drone x3  
  134  8:15  Infestation Pit, Hydralisk x4  
  143  8:24  Zergling x18  
  149  8:33  Drone x2  
  151  8:34  Grooved Spines  
  151  8:38  Zergling x8  
  153  8:42  Overlord  
  153  8:45  Zergling x20  
  150  9:04  Zergling x24  
  150  9:05  Spawning Pool  
  150  9:07  Baneling x5  
  160  9:10  Hydralisk x2  
  161  9:20  Extractor, Baneling  
  161  9:21  Baneling x4  
  161  9:23  Baneling x6  
  157  9:24  Drone x3  
  157  9:25  Drone  
  153  9:31  Overseer  
  153  9:32  Drone x4  
  153  9:35  Baneling x12  
  157  9:40  Hive  
  157  9:43  Hydralisk x2  
  161  9:52  Baneling x10  
  159  9:53  Zergling x10  
  155  10:00  Zergling x14  
  155  10:02  Baneling x4  
  155  10:03  Baneling  
  155  10:04  Overseer  
  162  10:08  Zergling x10  
  158  10:17  Baneling  
  158  10:18  Zergling x2, Baneling x5  
  158  10:19  Zergling x12  
  149  10:24  Zergling x12  
  141  10:37  Hydralisk x5  
  141  10:41  Drone  
  149  10:49  Hydralisk x2  
  149  10:50  Zergling x22  
  159  11:05  Zergling x22  
  159  11:09  Hatchery  
  166  11:14  Zergling x14  
  173  11:30  Viper  
  173  11:31  Viper x3  
  173  11:32  Zergling x14  
  192  11:33  Zergling x2  
  192  11:37  Hatchery  
  192  11:45  Extractor  
  186  11:48  Zergling x2  
  186  11:49  Zergling x20  
  186  11:53  Drone x5  
  192  12:08  Baneling x17  
  190  12:14  Zergling x16  
  167  12:23  Zergling x10  
  167  12:28  Baneling x12  
  170  12:40  Zerg Ground Armor Level 3, Zergling x4  
  170  12:41  Zergling x6  
  175  12:55  Hatchery  
  175  12:57  Zerg Melee Weapons Level 3  
  172  13:00  Baneling x6  
  172  13:03  Zergling x6  
  174  13:10  Zergling x12  
  179  13:17  Ultralisk Cavern  
  179  13:18  Drone  
  179  13:19  Drone x2  
  181  13:20  Drone  
  181  13:21  Drone  
  181  13:22  Baneling x3  
  170  13:28  Zergling x2  
  170  13:29  Zergling x8  
  170  13:30  Baneling x3  
  171  13:38  Zergling x12  
  171  13:41  Baneling x5  
  172  13:46  Zergling x10  
  177  13:51  Baneling x7  
  173  13:56  Zergling x6  
  166  14:07  Zergling x6  
  166  14:09  Chitinous Plating  
  165  14:16  Ultralisk  
  169  14:19  Baneling x10  
  169  14:25  Zergling x12  
  174  14:38  Hatchery, Unknown  
  162  14:41  Unknown  
  162  14:42  Baneling  
  162  14:43  Baneling x8  
  162  14:45  Zergling x16  
  138  14:53  Zergling x2  
  138  14:54  Zergling x14  
  141  15:00  Unknown  
  141  15:02  Zergling x2  
  141  15:03  Zergling x8  
  140  15:08  Ultralisk  
  140  15:12  Drone  
  140  15:13  Drone x2  
  147  15:17  Overseer  
  147  15:18  Baneling x6  
  147  15:21  Zergling x10  
  151  15:27  Zergling x2  
  151  15:28  Zergling x10, Anabolic Synthesis  
  157  15:33  Zergling x2  
  157  15:34  Zergling x6  
  161  15:41  Zergling x4, Ultralisk  
  149  16:04  Viper  
  149  16:05  Viper  
  150  16:15  Hatchery  
  156  16:18  Zergling x22, Ultralisk  
  156  16:23  Baneling  
  156  16:24  Baneling x4  
  163  16:36  Zergling x18  
  152  16:40  Baneling x5  
  152  16:41  Baneling  
  152  16:45  Zergling x6  
  139  16:52  Ultralisk  
  136  17:04  Zergling x4, Ultralisk  
  144  17:08  Baneling x5  
  144  17:21  Ultralisk  
  150  17:24  Baneling x10  
  150  17:28  Zergling x6  
  149  17:42  Hydralisk x3  
  149  17:43  Hydralisk x2  
  158  17:49  Zergling x12  
  164  17:55  Zergling x10  
  166  18:14  Overseer  
  166  18:15  Overseer  
  166  18:16  Hydralisk x7  
  166  18:17  Zergling x2  
  169  18:22  Zergling x2  
  169  18:23  Zergling x4  
  170  18:29  Hatchery  
  170  18:32  Baneling x7  
  163  18:39  Zergling x6  
  154  18:52  Zergling x14  
  156  19:00  Baneling x10  
  156  19:04  Zergling x4  
  156  19:07  Overseer  
  158  19:17  Zergling x12  
  128  19:36  Zergling x6, Ultralisk  
  132  19:56  Hatchery  
  132  19:57  Zergling x12  
Tags
 
Add a new tag
Caveats
  • Supply blocks, unpowered buildings, or Contaminate may cause inaccurate times.
  • Supply counts are checked every 10 seconds.